 Dungeon Crawl Stone Soup version 0.25-a0-647-gd602d06ee1 (webtiles) character file.

Game seed: 16912941354956823502, levelgen mode: deterministic

147823 Esekla the Fencer (level 18, 0/147 HPs)
             Began as a Formicid Abyssal Knight on Mar 20, 2020.
             Was the Champion of Lugonu.
             Slain by a demonic crawler (8 damage)
             ... on level 2 of the Spider Nest on Mar 21, 2020.
             The game lasted 05:40:16 (31353 turns).

Esekla the Fencer (Formicid Abyssal Knight)        Turns: 31353, Time: 05:40:22

Health: 0/147      AC: 19    Str: 18      XL:     18   Next: 10%
Magic:  7/24       EV: 12    Int: 11 (16) God:    Lugonu [******]
Gold:   1116       SH:  0    Dex: 22      Spells: 10/33 levels left

rFire    . . .     SeeInvis +   e - +8 falchion (elec)
rCold    + . .     Gourm    .   (no shield)
rNeg     . . .     Faith    .   t - +4 troll leather armour
rPois    +         Spirit   .   (helmet unavailable)
rElec    .         Reflect  .   h - +2 cloak {MR+}
rCorr    .         Harm     .   w - +2 pair of gloves {Dex+3}
MR       +++..                  v - +2 pair of boots {Fly}
Stlth    +++.......             y - amulet of the acrobat
HPRegen  0.74/turn              A - ring of poison resistance
MPRegen  0.19/turn              E - ring of Upruh {+Inv rC+ MR+ Dex+4 Stlth-}

@: very slightly contaminated, held
A: permanent stasis, dig shafts and tunnels, four strong arms, antennae 3,
repulsion field 1, agile 1, low mp 2, evolution 1, MP-powered wands
a: Dig, Shaft Self, Depart the Abyss, Bend Space, Banish, Corrupt, Enter the
Abyss, Renounce Religion, Evoke Invisibility, Evoke Flight


You were on level 2 of the Spider Nest.
You worshipped Lugonu.
Lugonu was exalted by your worship.
You were not hungry.

You visited 4 branches of the dungeon, and saw 25 of its levels.
You visited the Abyss 1 time.
You also visited: Sewer and Bailey.

You collected 2923 gold pieces.
You spent 1807 gold pieces at shops.

Inventory:

Hand Weapons
 d - a +10 long sword of distortion
 e - a +8 falchion of electrocution (weapon)
 f - a +7 scimitar of flaming
 B - the +9 rapier of Irritation {freeze, Dex+2}
   (You took it off a crimson imp on level 14 of the Dungeon)

   It has been specially enchanted to freeze those struck by it, causing extra
   injury to most foes and up to half again as much damage against particularly
   susceptible opponents.
   It can also slow down cold-blooded creatures.
   It affects your dexterity (+2).
 Q - a +7 glaive of venom
 X - the +8 falchion of the Tiger {vorpal, rElec Dex+3}
   (You bought it in a shop on level 2 of the Orcish Mines)

   It inflicts extra damage upon your enemies.
   It affects your dexterity (+3).
   It insulates you from electricity.
Missiles
 k - 59 poisoned darts (quivered)
 z - 70 boomerangs
Armour
 h - a +2 cloak of magic resistance (worn)
 t - a +4 troll leather armour (worn)
 v - a +2 pair of boots of flying (worn)
 w - a +2 pair of gloves of dexterity (worn)
 I - a scarf of resistance
Jewellery
 b - an uncursed ring of protection from fire
 i - an uncursed ring of protection from fire
 l - an uncursed ring of protection from magic
 n - the ring of Vefergha {Fire rElec}
   (You found it on level 1 of the Lair of Beasts)

   [ring of fire]

   It enhances your fire magic.
   It protects you from fire.
   It makes you vulnerable to cold.
   It insulates you from electricity.
 y - an amulet of the acrobat (around neck)
 A - a ring of poison resistance (left hand)
 E - the ring of Upruh (right hand) {+Inv rC+ MR+ Dex+4 Stlth-}
   (You found it on level 4 of the Dungeon)

   [ring of protection from cold]

   It affects your dexterity (+4).
   It protects you from cold.
   It affects your resistance to hostile enchantments.
   It lets you turn invisible.
   It makes you less stealthy.
 F - a +3 ring of protection
 H - an uncursed amulet of magic regeneration
 R - a +2 amulet of reflection
 Y - an uncursed ring of resist corrosion
Wands
 g - a wand of digging (9)
 p - a wand of iceblast (21)
 G - a wand of polymorph (31)
 K - a wand of clouds (4)
 L - a wand of paralysis (8)
 M - a wand of acid (10)
 S - a wand of scattershot (5)
 U - a wand of flame (18)
Scrolls
 j - 6 scrolls of magic mapping
 o - a scroll of fog
 r - 3 scrolls of amnesia
 u - 4 scrolls of fear
 D - 2 scrolls of silence
 N - 8 scrolls of remove curse
 T - 2 scrolls of vulnerability
 W - 7 scrolls of identify
Potions
 a - 2 potions of might
 m - 4 potions of flight
 q - 3 potions of curing
 s - a potion of ambrosia
 x - 7 potions of brilliance
 C - 3 potions of resistance
 J - 2 potions of magic
 O - a potion of invisibility
 P - 5 potions of stabbing
 V - 6 potions of cancellation
 Z - a potion of lignification
Comestibles
 c - 38 rations


   Skills:
 * Level 14.4 Fighting
 * Level 3.2(10.6) Short Blades
 + Level 15.0(15.1) Long Blades
 - Level 4.1 Throwing
 + Level 6.7 Armour
 + Level 8.9 Dodging
 + Level 9.2 Stealth
 * Level 8.0 Spellcasting
 + Level 5.0 Conjurations
 * Level 0.5 Charms
 + Level 5.2 Necromancy
 + Level 3.5 Translocations
 * Level 5.6 Fire Magic
 * Level 0.2 Ice Magic
 * Level 4.6 Air Magic
 + Level 8.3 Poison Magic
 + Level 8.9 Invocations
 * Level 10.2 Evocations


You had 10 spell levels left.
You knew the following spells:

 Your Spells              Type           Power        Failure   Level  Hunger
a - Apportation           Tloc           ##....       4%          1    None
c - Mephitic Cloud        Conj/Pois/Air  ###.....     4%          3    ###....
d - Vampiric Draining     Necr           ###.......   6%          3    ###....
f - Conjure Flame         Conj/Fire      ###.....     6%          3    ###....
v - Poisonous Vapours     Pois/Air       ###...       1%          2    #......
x - Olgreb's Toxic Radia  Pois           ###.....     6%          4    ####...
y - Sticky Flame          Conj/Fire      ###.....     21%         4    ####...
z - Ozocubu's Armour      Chrm/Ice       #.......     41%         3    ###....

Your spell library contained the following spells:

 Spells                   Type           Power        Failure   Level  Hunger
 Foxfire                  Conj/Fire      ###.         1%          1    None
 Animate Skeleton         Necr           N/A          2%          1    None
 Pain                     Necr           ###.         2%          1    None
 Sting                    Tmut/Pois      ##..         3%          1    None
 Corpse Rot               Necr/Air       N/A          3%          2    #......
 Sublimation of Blood     Necr           ###.......   3%          2    #......
 Ignite Poison            Fire/Tmut/Pois ##......     8%          3    ###....
 Freeze                   Ice            #...         16%         1    None
 Inner Flame              Hex/Fire       ##......     17%         3    ###....
 Corona                   Hex            #......      19%         1    None
 Summon Small Mammal      Summ           #...         19%         1    None
 Animate Dead             Necr           N/A          22%         4    ####...
 Dispel Undead            Necr           ###.....     22%         4    ####...
 Recall                   Summ/Tloc      N/A          26%         3    ###....
 Frozen Ramparts          Ice            #.....       43%         3    ###....
 Fireball                 Conj/Fire      ###.......   50%         5    ######.
 Hailstorm                Conj/Ice       ##......     52%         4    ####...
 Agony                    Necr           ###.....     52%         5    ######.
 Bolt of Magma            Conj/Fire/Erth ##........   75%         5    ######.
 Excruciating Wounds      Chrm/Necr      ##........   83%         5    ######.
 Summon Ice Beast         Ice/Summ       #.......     86%         4    ####...
 Borgnjor's Vile Clutch   Necr/Erth      ##........   86%         5    ######.
 Cause Fear               Hex            #.........   87%         4    ####...
 Leda's Liquefaction      Hex/Erth       #.........   87%         4    ####...
 Death Channel            Necr           ###.......   97%         6    #######
 Iron Shot                Conj/Erth      #.........   100%        6    #######
 Simulacrum               Ice/Necr       ##........   100%        6    #######
 Statue Form              Tmut/Erth      #........    100%        6    #######
 Dragon Form              Tmut           #.........   100%        7    #######
 Dragon's Call            Summ           #.........   100%        9    #######
 Shatter                  Erth           #.........   100%        9    #######


Dungeon Overview and Level Annotations

Branches:
Dungeon (15/15)            Temple (0/1) D:4            Lair (6/6) D:10
  Swamp (0/4) Lair:3       Spider (2/4) Lair:4        Slime (0/5) Lair:5
    Orc (2/2) D:9             Elf (0/3) Orc:2        Vaults (0/5) D:14
 Depths (0/5) D:15          Sewer (visited)          Bailey (visited)

Altars:
Cheibriados
Elyvilon
Gozag
Hepliaklqana
Kikubaaqudgha
Makhleb
Nemelex Xobeh
Qazlal
Ru
Sif Muna
Trog
Yredelemnul
Zin
The Shining One
Beogh
Jiyva

Shops:
D:8 [   D:10 (   D:11 :   D:14 [   Orc:1 %   Orc:2 ?((%

Annotations:
Lair:1 Gupuacea's ghost, journeyman GrFi
Spider:2 Arachne


Innate Abilities, Weirdness & Mutations

You cannot be hasted, slowed, berserked, paralysed or teleported.
You can dig through walls and to a lower floor.
Your four strong arms can wield two-handed weapons with a shield.
You have a pair of large antennae on your head. (SInv)
You are surrounded by a mild repulsion field. (EV +2)
You are agile. (Dex +2)
Your magical capacity is very low. (-20% MP)
You evolve.
You expend magic power (3 MP) to strengthen your wands.


Message History

* * * LOW HITPOINT WARNING * * *
Okay, then.
Okay, then.
Unknown command.
As you read the scroll of fear, it crumbles to dust.
You assume a fearsome visage.
Arachne looks frightened!
The demonic crawler is unaffected.
The demonic crawler barely misses you. x2
The demonic crawler hits you but does no damage.
Arachne casts a spell.
Arachne blinks!
Press: ? - help, v - describe, . - travel
Here: a demonic crawler (almost dead)
The floor, spattered with blood.
You feel better.
Arachne mumbles some strange words.
Arachne blinks!
The demonic crawler hits you.
* * * LOW HITPOINT WARNING * * *
The demonic crawler hits you but does no damage.
The demonic crawler hits you!
You die...

#.......# ......#...##
###...###.|.#########
###.#### ##..#........
##......## #.....###.≈.
##.#........# #.....#≈#.≈≈
#......##..######....#^≈#≈#
#........#s..#.#.#..#.#..≈≈≈
##.......##@§.......##.≈≈≈≈≈
##.......#.....#§...#≈≈#≈≈≈
#..$(....#######...##.≈≈≈#≈
.....<...## .....#^≈#≈#≈
.......### ......#.≈#≈≈≈
#...... #......#.≈≈≈≈≈
##....##.≈≈≈#≈ ##...##≈..#≈≈
###.####..≈≈


You could see a demonic crawler.

Vanquished Creatures
  Jorgrun (Spider:2)
  A tengu reaver (D:12)
  A sphinx (D:12)
  Agnes (D:15)
  The ghost of Awam Ung the Severer, a journeyman DDFi of Makhleb (D:15)
  A ghost moth (shapeshifter) (D:15)
  2 emperor scorpions
  An orc warlord (Orc:1)
  The ghost of Nuigo the Swashbuckler, a journeyman KoAs of Okawaru (Lair:2)
  2 very ugly things (D:15)
  An entropy weaver (Spider:1)
  Azrael (D:12)
  An ettin (Orc:1)
  3 ogre magi
  Josephine (D:11)
  12 hydras
  A rakshasa (D:15)
  A catoblepas (Lair:3)
  2 dancing weapons (D:14)
  3 centaur warriors
  13 two-headed ogres
  3 tengu warriors
  A death yak (Lair:6)
  A sun demon (D:14)
  A skeletal warrior (D:14)
  2 deep trolls (Orc:1)
  6 unseen horrors
  A death drake (shapeshifter) (D:15)
  2 glowing orange brains (D:15)
  2 wizards (D:14)
  A harpy (shapeshifter) (D:15)
  A wolf spider zombie (D:14)
  A deep elf mage (D:13)
  8 wolf spiders
  12 orb spiders
  4 oklob plants
  4 manticores
  28 ugly things
  9 cyclopes
  2 centaur zombies (D:14)
  7 black mambas
  16 elephants
  Joseph (D:7)
  Maurice (D:10)
  A torpor snail (Lair:6)
  21 spiny frogs
  2 gargoyles
  A rime drake (shapeshifter) (D:15)
  13 komodo dragons
  4 rime drakes
  2 demonic crawlers
  An efreet (D:15)
  An ice devil (D:14)
  16 trolls
  5 jumping spiders
  A wind drake (shapeshifter) (D:14)
  2 polar bears
  Grinder (D:4)
  3 tyrant leeches (Lair:6)
  Prince Ribbit (D:6)
  5 hippogriffs
  4 hornets
  10 slime creatures
  18 blink frogs
  A dream sheep (Lair:6)
  A redback (shapeshifter) (D:14)
  A shadow (D:14)
  9 wyverns
  15 redbacks
  A spriggan (D:7)
  11 tarantellas
  44 yaks
  4 wraiths
  3 basilisks
  12 vampire mosquitoes
  A steam dragon (shapeshifter) (D:15)
  3 hungry ghosts
  Menkaure (D:7)
  4 neqoxecs (D:15)
  3 swamp worms (Lair:3)
  A warg (shapeshifter) (D:15)
  2 wargs (Orc:2)
  17 water moccasins
  5 hell hounds
  6 porcupines
  A soldier ant (D:9)
  An acid dragon (D:13)
  20 orc warriors
  2 ice beasts
  2 sky beasts
  A phantom (D:4)
  3 black bears
  An eye of draining (D:12)
  A necrophage (D:9)
  6 wolves (Lair:2)
  22 centaurs
  25 ogres
  14 crocodiles
  4 big kobolds
  28 bullfrogs
  2 wyvern zombies
  Blork the orc (D:4)
  A spiny frog simulacrum (Lair:1)
  4 scorpions
  An elephant simulacrum (Lair:1)
  5 killer bees (D:8)
  4 electric eels
  22 wights
  7 howler monkeys
  4 vampire bats (Lair:6)
  11 crimson imps
  2 quasits
  A wyvern simulacrum (Lair:1)
  9 orc priests
  2 hippogriff simulacra (Lair:1)
  5 hounds
  2 jellies (Lair:5)
  13 orc wizards
  3 bullfrog skeletons
  7 centaur skeletons
  5 iguanas
  Ijyb (D:5)
  An iguana (shapeshifter) (D:15)
  14 worker ants
  A hound zombie (D:8)
  A porcupine simulacrum (Lair:1)
  4 hound skeletons
  2 worker ant zombies
  12 adders
  11 gnolls
  2 river rats (Sewer)
  A crocodile simulacrum (Lair:1)
  8 shadow imps
  4 white imps (D:14)
  3 oozes (Lair:5)
  2 adder skeletons
  An adder zombie (D:7)
  2 worms
  A dart slug (D:2)
  10 leopard geckos
  56 orcs
  10 bats
  4 giant cockroaches
  11 goblins
  5 hobgoblins
  A hobgoblin (shapeshifter) (D:15)
  15 jackals
  4 quokkas
  A ball python (D:8)
  2 frilled lizards
  A jackal skeleton (D:4)
  38 kobolds
  2 leopard gecko skeletons
  A quokka skeleton (D:5)
  8 rats
904 creatures vanquished.

Vanquished Creatures (others)
  A wolf spider (Spider:1)
  An orc warrior (D:11)
  12 fungi
  41 plants
55 creatures vanquished.

Grand Total: 959 creatures vanquished

Notes
Turn   | Place    | Note
-------+----------+-------------------------------------------
     0 | Abyss:1  | Esekla the Formicid Abyssal Knight began the quest for the
                  | Orb.
     0 | Abyss:1  | Reached XP level 1. HP: 18/18 MP: 2/2
     1 | Abyss:1  | Found a corrupted altar of Lugonu.
    24 | Abyss:1  | Found a corrupted altar of Lugonu.
   132 | Abyss:1  | Noticed a large abomination
   208 | Abyss:2  | Found a corrupted altar of Lugonu.
   252 | Abyss:2  | Noticed a small abomination
   255 | Abyss:2  | Noticed a wretched star
   257 | Abyss:2  | Noticed an eye of draining
   264 | Abyss:2  | Noticed a lich
   266 | D:1      | Escaped the Abyss
   321 | D:1      | Reached skill level 1 in Dodging
   373 | D:1      | Reached XP level 2. HP: 24/25 MP: 3/3
   722 | D:1      | Found a snail-covered altar of Cheibriados.
   867 | D:1      | Reached * piety under Lugonu
   886 | D:1      | Reached skill level 1 in Evocations
  1032 | D:2      | You fall into a shaft and drop 1 floor!
  1041 | D:4      | Noticed a phantom
  1054 | D:4      | You fall into a shaft and drop 1 floor!
  1054 | D:5      | Entered Level 5 of the Dungeon
  1319 | D:5      | Reached XP level 3. HP: 28/30 MP: 4/4
  1333 | D:5      | Found a glowing drain.
  1361 | Sewer    | Entered a sewer
  1393 | Sewer    | Reached XP level 4. HP: 5/37 MP: 5/5
  1712 | Sewer    | Noticed a big kobold
  1741 | Sewer    | Killed a big kobold
  1741 | Sewer    | Reached skill level 1 in Throwing
  1741 | Sewer    | Reached XP level 5. HP: 22/42 MP: 6/6
  1781 | Sewer    | Found a white marble altar of Elyvilon.
  1899 | D:5      | Reached skill level 3 in Long Blades
  2108 | D:5      | Reached XP level 6. HP: 49/49 MP: 7/7
  2672 | D:3      | Found a hazy altar of Hepliaklqana.
  3019 | D:2      | Found a basalt altar of Yredelemnul.
  3021 | D:2      | Noticed a profane servitor
  3030 | D:2      | Found a glowing golden altar of the Shining One.
  3032 | D:2      | Noticed an angel
  3443 | D:2      | Reached ** piety under Lugonu
  3443 | D:2      | Reached XP level 7. HP: 33/55 MP: 9/9
  3927 | D:4      | Found a staircase to the Ecumenical Temple.
  4035 | D:4      | Reached skill level 4 in Long Blades
  4035 | D:4      | Reached skill level 1 in Stealth
  4129 | D:4      | Got a clouded lead ring
  4144 | D:4      | Reached skill level 5 in Fighting
  4194 | D:4      | Identified the ring of Upruh {+Inv rC+ MR+ Dex+4 Stlth-}
                  | (You found it on level 4 of the Dungeon)
  4236 | D:4      | Noticed Grinder
  4243 | D:4      | Killed Grinder
  4243 | D:4      | Reached skill level 5 in Long Blades
  4243 | D:4      | Reached XP level 8. HP: 47/62 MP: 10/10
  4373 | D:4      | Noticed Blork the orc
  4515 | D:4      | Found a bloodstained altar of Trog.
  4661 | D:4      | Killed Blork the orc
  4666 | D:4      | Found a shimmering blue altar of Sif Muna.
  4828 | D:5      | Noticed Ijyb
  4833 | D:5      | Killed Ijyb
  5154 | D:6      | Reached skill level 6 in Long Blades
  5600 | D:6      | Reached *** piety under Lugonu
  5641 | D:6      | Reached skill level 7 in Long Blades
  5641 | D:6      | Reached XP level 9. HP: 69/69 MP: 12/12
  5726 | D:6      | Noticed Prince Ribbit
  5734 | D:6      | Killed Prince Ribbit
  5777 | D:6      | Gained mutation: You expend magic power (3 MP) to
                  | strengthen your wands. [potion of mutation]
  5777 | D:6      | Gained mutation: Your skin changes colour to match your
                  | surroundings (Stealth+). [potion of mutation]
  5853 | D:6      | Found a sacrificial altar of Ru.
  6317 | D:7      | Reached skill level 5 in Invocations
  6341 | D:7      | Found a burning altar of Makhleb.
  6366 | D:7      | Found an opulent altar of Gozag.
  6378 | D:7      | Found a glowing silver altar of Zin.
  6380 | D:7      | Found a white marble altar of Elyvilon.
  6381 | D:7      | Found a snail-covered altar of Cheibriados.
  6400 | D:7      | Noticed Menkaure
  6412 | D:7      | You fall into a shaft and drop 1 floor!
  6423 | D:8      | Reached skill level 8 in Long Blades
  6464 | D:8      | Found a flagged portal.
  6694 | Bailey   | Entered a bailey
  6880 | Bailey   | Reached **** piety under Lugonu
  6959 | Bailey   | Reached XP level 10. HP: 56/76 MP: 14/14
  7449 | Bailey   | Got a pair of pitted boots
  7470 | Bailey   | Identified the +3 pair of boots of Experimentation {+Blink
                  | rF- Int+3} (You found it in a bailey)
  7646 | D:8      | Reached skill level 9 in Long Blades
  7669 | D:8      | Found Qoit's Antique Armour Emporium.
  8019 | D:7      | Noticed Joseph
  8064 | D:8      | You fall into a shaft and drop 3 floors!
  8161 | D:10     | Entered Level 10 of the Dungeon
  8161 | D:10     | Noticed an unseen horror
  8395 | D:10     | Noticed a two-headed ogre
  8430 | D:10     | Killed an unseen horror
  8633 | D:10     | Killed a two-headed ogre
  8633 | D:10     | Reached skill level 10 in Long Blades
  8633 | D:10     | Reached skill level 5 in Stealth
  8659 | D:10     | Found Faxonoab's Weapon Boutique.
  8667 | D:10     | Reached XP level 11. HP: 72/84 MP: 16/16
  8960 | D:10     | Noticed Maurice
  9013 | D:10     | Found a staircase to the Lair.
  9058 | D:10     | Killed Maurice
  9058 | D:10     | Reached skill level 5 in Dodging
  9162 | D:10     | Reached skill level 1 in Short Blades
  9344 | D:9      | Reached ***** piety under Lugonu
  9400 | D:9      | Reached skill level 11 in Long Blades
  9416 | D:9      | You fall into a shaft and drop 2 floors!
  9465 | D:11     | Found Qamyq's Book Shoppe.
  9534 | D:11     | Learned a level 1 spell: Apportation
  9727 | D:11     | Noticed a manticore
  9757 | D:11     | Noticed an unseen horror
  9767 | D:11     | Killed an unseen horror
  9772 | D:11     | Noticed a cyclops
  9793 | D:11     | Killed a cyclops
  9793 | D:11     | Reached skill level 1 in Spellcasting
  9804 | D:11     | Noticed Josephine
  9829 | D:10     | Upgraded the game from 0.25-a0-635-g0c6c292ef3 to
                  | 0.25-a0-647-gd602d06ee1
  9863 | D:10     | Reached skill level 1 in Translocations
 10200 | D:9      | Found a staircase to the Orcish Mines.
 10219 | D:9      | Found a stormy altar of Qazlal.
 10241 | D:9      | Noticed an unseen horror
 10319 | D:9      | Killed an unseen horror
 10319 | D:9      | Reached XP level 12. HP: 92/94 MP: 18/18
 10741 | D:8      | Found a sparkling altar of Nemelex Xobeh.
 11078 | D:7      | Killed Menkaure
 11298 | D:7      | Killed Joseph
 11670 | D:11     | Reached skill level 12 in Long Blades
 11703 | D:11     | Reached skill level 5 in Armour
 11771 | D:11     | Got a brightly glowing rapier
 11789 | D:11     | Identified the +1 rapier of Charity {vorpal, Str+6} (You
                  | found it on level 11 of the Dungeon)
 12378 | D:12     | Reached skill level 5 in Evocations
 12572 | D:12     | Reached ****** piety under Lugonu
 12860 | D:13     | Noticed Azrael
 12870 | D:12     | Reached XP level 13. HP: 65/101 MP: 19/19
 13003 | D:12     | Killed Azrael
 13059 | D:13     | Noticed a tengu reaver
 13062 | D:13     | Found a sparkling altar of Nemelex Xobeh.
 13062 | D:13     | Noticed a sphinx
 13087 | D:12     | HP: 4/103 [tengu reaver/cursed +0 battleaxe (24)]
 13101 | D:12     | Killed a tengu reaver
 13101 | D:12     | Reached skill level 10 in Fighting
 13231 | D:12     | Lost mutation: You expend magic power (3 MP) to strengthen
                  | your wands. [potion of mutation]
 13231 | D:12     | Lost mutation: Your skin changes colour to match your
                  | surroundings (Stealth+). [potion of mutation]
 13231 | D:12     | Gained mutation: You are agile. (Dex +2) [potion of
                  | mutation]
 13231 | D:12     | Gained mutation: Your flesh is cold resistant. (rC+)
                  | [potion of mutation]
 13231 | D:12     | Gained mutation: Your spells are a little harder to cast,
                  | but a little more powerful. [potion of mutation]
 13231 | D:12     | Gained mutation: You have large cloven feet. [potion of
                  | mutation]
 13243 | D:12     | Killed a sphinx
 13312 | D:13     | Found an ancient bone altar of Kikubaaqudgha.
 13313 | D:13     | Noticed a four-headed hydra
 13400 | D:13     | Noticed a centaur warrior
 13404 | D:13     | Reached skill level 13 in Long Blades
 13476 | D:13     | Killed a centaur warrior
 13786 | D:13     | Noticed a centaur warrior
 13797 | D:13     | Killed a one-headed hydra
 13817 | D:13     | Killed a centaur warrior
 13852 | D:13     | Noticed a seven-headed hydra
 14017 | D:12     | Killed a one-headed hydra
 14634 | D:11     | Killed Josephine
 14671 | Orc:1    | Entered Level 1 of the Orcish Mines
 14747 | Orc:1    | Found Dithann's Food Shop.
 14813 | Orc:2    | Entered Level 2 of the Orcish Mines
 14813 | Orc:2    | Found Hoerch's Magic Scroll Boutique.
 14813 | Orc:2    | Noticed an ogre mage
 14815 | Orc:2    | Noticed an ogre mage
 14823 | Orc:1    | Killed an ogre mage
 15027 | Orc:1    | Reached XP level 14. HP: 99/113 MP: 20/20
 15169 | D:9      | Reached skill level 14 in Long Blades
 16241 | Orc:2    | Found Heffevu's Antique Weapon Shoppe.
 16291 | Orc:2    | Found Ceihunon's Antique Weapon Shop.
 16307 | Orc:2    | Found Obeudd's Food Shop.
 16321 | Orc:2    | Found a staircase to the Elven Halls.
 16544 | Orc:2    | Bought a scroll of identify for 24 gold pieces
 16544 | Orc:2    | Bought a scroll of identify for 24 gold pieces
 16550 | Orc:2    | Bought a scorched falchion for 280 gold pieces
 16550 | Orc:2    | Identified the +8 falchion of the Tiger {vorpal, rElec
                  | Dex+3} (You bought it in a shop on level 2 of the Orcish
                  | Mines)
 16627 | Orc:1    | Noticed an orc warlord
 16880 | Orc:1    | Found a roughly hewn altar of Beogh.
 17108 | Orc:1    | Killed an orc warlord
 17386 | Lair:1   | Entered Level 1 of the Lair of Beasts
 17386 | Lair:1   | Found an opulent altar of Gozag.
 17763 | D:11     | Bought a Young Poisoner's Handbook for 640 gold pieces
 17763 | D:11     | Bought a book of Flames for 560 gold pieces
 17766 | D:11     | Learned a level 2 spell: Poisonous Vapours
 17770 | D:11     | Learned a level 3 spell: Mephitic Cloud
 17775 | D:11     | Learned a level 4 spell: Sticky Flame
 17779 | D:11     | Learned a level 3 spell: Conjure Flame
 18097 | Lair:1   | Noticed Gupuacea's ghost (journeyman GrFi)
 18142 | Lair:1   | Found a runed translucent gate.
 18142 | Lair:1   | Found a runed translucent gate.
 18142 | Lair:1   | Found a runed translucent gate.
 18656 | Lair:1   | HP: 2/116 [Gupuacea's ghost (13)]
 18664 | Lair:1   | You fall into a shaft and drop 1 floor!
 18664 | Lair:2   | Found a runed translucent door.
 18869 | Lair:2   | Noticed Nuigo's ghost (journeyman KoAs)
 18886 | Lair:2   | Reached XP level 15. HP: 122/122 MP: 21/21
 19103 | Lair:2   | Reached skill level 1 in Poison Magic
 19134 | Lair:2   | Reached skill level 1 in Conjurations
 19325 | Lair:1   | Reached skill level 1 in Air Magic
 19397 | Lair:1   | Reached skill level 1 in Fire Magic
 19411 | Lair:1   | Got the ring of Vefergha {Fire}
 19421 | Lair:1   | Identified the ring of Vefergha {Fire rElec} (You found it
                  | on level 1 of the Lair of Beasts)
 19562 | Lair:1   | HP: 5/122 [Gupuacea's ghost (20)]
 20449 | Lair:3   | Found a staircase to the Swamp.
 20982 | Lair:4   | Reached skill level 5 in Spellcasting
 21564 | Lair:4   | Found a hole to the Spider Nest.
 22130 | Lair:5   | You fall into a shaft and drop 1 floor!
 22130 | Lair:6   | Entered Level 6 of the Lair of Beasts
 23011 | Lair:5   | Identified a scroll of acquirement
 23012 | Lair:5   | Identified the +4 double sword "Ufechas" {vorpal, rElec}
                  | (You acquired it on level 5 of the Lair of Beasts)
 23108 | Lair:5   | Lost mutation: You are agile. (Dex +2) [potion of mutation]
 23108 | Lair:5   | Lost mutation: Your flesh is cold resistant. (rC+) [potion
                  | of mutation]
 23108 | Lair:5   | Lost mutation: You have large cloven feet. [potion of
                  | mutation]
 23108 | Lair:5   | Gained mutation: You are covered in fur. (AC +1) [potion of
                  | mutation]
 23108 | Lair:5   | Gained mutation: You are partially covered in thin metallic
                  | scales. (AC +2) [potion of mutation]
 23108 | Lair:5   | Lost mutation: Your spells are a little harder to cast, but
                  | a little more powerful. [potion of mutation]
 23108 | Lair:5   | Gained mutation: Your muscles are strong. (Str +2) [potion
                  | of mutation]
 23214 | Lair:5   | Found a runed translucent door.
 23216 | Lair:5   | Found a viscous altar of Jiyva.
 23216 | Lair:5   | Found a staircase to the Slime Pits.
 23225 | Lair:5   | Learned a level 3 spell: Vampiric Draining
 23510 | Lair:6   | Reached skill level 1 in Necromancy
 23601 | Lair:6   | Reached skill level 5 in Poison Magic
 23612 | Lair:6   | Reached XP level 16. HP: 124/131 MP: 19/24
 25234 | Lair:2   | Killed Nuigo's ghost
 25467 | D:14     | Found Kihef's Armour Emporium.
 25874 | D:14     | Found a gate to the Vaults.
 26057 | D:14     | Identified the +9 rapier of Irritation {freeze, Dex+2}
 26089 | D:14     | Identified a +10 long sword of distortion (a +10 long sword
                  | corrupted by Lugonu)
 26089 | D:14     | Received a gift from Lugonu
 27051 | D:14     | Reached XP level 17. HP: 103/138 MP: 27/27
 27201 | D:15     | Entered Level 15 of the Dungeon
 27415 | D:15     | Found a runed translucent gate.
 27416 | D:15     | Found a runed translucent gate.
 27417 | D:15     | Found a runed translucent gate.
 27476 | D:15     | Noticed Agnes
 27524 | D:15     | Killed Agnes
 28048 | D:15     | Reached skill level 5 in Fire Magic
 28068 | D:15     | Found a runed translucent gate.
 28068 | D:15     | Found a runed translucent gate.
 28073 | D:15     | Found a runed translucent gate.
 28073 | D:15     | Noticed Awam Ung's ghost (journeyman DDFi)
 28082 | D:15     | Lost mutation: You are partially covered in thin metallic
                  | scales. (AC +2) [potion of mutation]
 28082 | D:15     | Lost mutation: Your muscles are strong. (Str +2) [potion of
                  | mutation]
 28082 | D:15     | Gained mutation: You are partially covered in rugged brown
                  | scales. (AC +1, +3% HP) [potion of mutation]
 28082 | D:15     | Gained mutation: Your magical capacity is low. (-10% MP)
                  | [potion of mutation]
 28082 | D:15     | Gained mutation: You are surrounded by a mild repulsion
                  | field. (EV +2) [potion of mutation]
 28369 | D:14     | Bought a +2 cloak of magic resistance for 279 gold pieces
 28566 | D:15     | Reached skill level 15 in Long Blades
 28700 | D:15     | Found a staircase to the Depths.
 28800 | D:15     | Gained mutation: You have sharp toenails. [a neqoxec]
 28804 | D:15     | Gained mutation: You are weak. (Str -2) [a neqoxec]
 28811 | D:15     | Gained mutation: You are clumsy. (Dex -2) [a neqoxec]
 28815 | D:15     | Gained mutation: Scrolls take you a little longer to read.
                  | [a neqoxec]
 28825 | D:15     | Killed Awam Ung's ghost
 28881 | D:15     | Lost mutation: Your magical capacity is low. (-10% MP)
                  | [potion of mutation]
 28881 | D:15     | Lost mutation: You are weak. (Str -2) [potion of mutation]
 28881 | D:15     | Lost mutation: You are clumsy. (Dex -2) [potion of
                  | mutation]
 28881 | D:15     | Gained mutation: Armour fits poorly on your strangely
                  | shaped body. [potion of mutation]
 28881 | D:15     | Lost mutation: You have sharp toenails. [potion of
                  | mutation]
 28881 | D:15     | Gained mutation: You expend magic power (3 MP) to
                  | strengthen your wands. [potion of mutation]
 28885 | D:15     | Lost mutation: You are covered in fur. (AC +1) [potion of
                  | mutation]
 28885 | D:15     | Gained mutation: Your magical capacity is low. (-10% MP)
                  | [potion of mutation]
 28885 | D:15     | Gained mutation: You have sharp toenails. [potion of
                  | mutation]
 28894 | D:15     | Lost mutation: You are partially covered in rugged brown
                  | scales. (AC +1, +3% HP) [potion of mutation]
 28894 | D:15     | Lost mutation: Scrolls take you a little longer to read.
                  | [potion of mutation]
 28894 | D:15     | Lost mutation: Armour fits poorly on your strangely shaped
                  | body. [potion of mutation]
 28894 | D:15     | Lost mutation: You have sharp toenails. [potion of
                  | mutation]
 28894 | D:15     | Gained mutation: Your magical capacity is very low. (-20%
                  | MP) [potion of mutation]
 28894 | D:15     | Gained mutation: You evolve. [potion of mutation]
 28894 | D:15     | Gained mutation: You are agile. (Dex +2) [potion of
                  | mutation]
 29184 | Spider:1 | Entered Level 1 of the Spider Nest
 29471 | Spider:1 | Reached skill level 10 in Evocations
 29742 | Spider:1 | Reached skill level 5 in Necromancy
 30260 | Spider:1 | Reached skill level 5 in Conjurations
 30487 | Spider:1 | Learned a level 4 spell: Olgreb's Toxic Radiance
 30775 | Spider:2 | Reached XP level 18. HP: 147/147 MP: 14/23
 31099 | Spider:2 | Learned a level 3 spell: Ozocubu's Armour
 31129 | Spider:2 | Noticed Jorgrun
 31152 | Spider:2 | Killed Jorgrun
 31327 | Spider:2 | Noticed Arachne
 31351 | Spider:2 | HP: 3/147 [Arachne/uncursed staff of poison (23)]
 31353 | Spider:2 | Slain by a demonic crawler

Levels and vault maps discovered:
D:1:      eino_arrival_tree_alley, layout_basic, cheibriados_altar_1
D:2:      layout_loops_ring, grunt_temple_overflow_holy_war
D:3:      layout_loops_ring, nicolae_overflow_crystal_walls, first_ration,
          chequers_big_river
D:4:      layout_basic, tgw_sif, temple_green, trog_butcher_becter, uniq_grinder
D:5:      layout_rooms, gup_sewer_entry_pipe, uniq_ijyb
D:6:      layout_basic, nicolae_overflow_hidden_temple, uniq_blork_the_orc,
          uniq_prince_ribbit1
D:7:      layout_loops_cross, grunt_temple_overflow_open, the_bakery,
          grunt_ministairs_12, uniq_joseph, uniq_menkaure
D:8:      layout_cave_pools, old_standard_altar, enter_bailey_3, serial_shops,
          nicolae_shop_trees
D:9:      layout_basic, lemuel_round_altar, orc_0_dummy, minivault_28
D:10:     layout_rooms, david_lair_shrubbed, serial_shops, shop, uniq_maurice
D:11:     layout_long_grid, serial_shops, shop, nicolae_water_bricks,
          minmay_fractal_squares_5, uniq_josephine
D:12:     layout_loops_cross
D:13:     layout_irregular_city, serial_column_ruins, column_ruins_hut,
          column_ruins_columns_straight, column_ruins_columns_straight,
          column_ruins_open_tiny_water, column_ruins_grid_3,
          column_ruins_grid_1, jmf_multi_god_temple, uniq_azrael
D:14:     minmay_bloctagon, layout_long_grid, erik_vaults_1, minmay_holes,
          serial_shops, nicolae_shop_behind_doors, minmay_fire_ice_demons
D:15:     gammafunk_enter_depths_forms, layout_irregular_city,
          hangedman_decor_diamond_cutter,
          ploomutoo_gammafunk_ghost_potion_laboratory, uniq_agnes
Lair:1:   layout_hall_layers, gammafunk_ghost_icy, st_stairs_10,
          lemuel_oklob_altar, grunt_megastairs_3, serial_bayou_shore_a
Lair:2:   layout_cave_shapes, serial_forest, infiniplex_forest_lined_ring,
          infiniplex_forest_side_room, infiniplex_forest_lined_corner,
          infiniplex_forest_corner_1, infiniplex_forest_end_1,
          ebering_ghost_reflecting_pool, st_stairs_10,
          grunt_forest_small_clearings
Lair:3:   wander_river, layout_gridlike, palyth_hydra_swamp_entry
Lair:4:   layout_concentric_octagons, spider_nest_entry_web_field,
          beast_lair_carwin_10
Lair:5:   layout_small_grid, slime_altar_2, chequers_serial_rivers_small_a,
          grunt_megastairs_2, lemuel_fruit_fields, minmay_lair_oklob_chamber
Lair:6:   minmay_lair_end_frog_pond, layout_regular_city, serial_bayou_pond_b,
          roderic_batcave, st_stairs_3, serial_bayou_pond_e
Spider:1: layout_spider_delve
Spider:2: layout_spider_delve, gammafunk_ghost_arena,
          nicolae_spider_cling_ruins, uniq_jorgrun, uniq_arachne
Orc:1:    layout_caves, serial_shops, shop, basic_altar
Orc:2:    st_orc_open, layout_caves

Skill      XL: |  1  2  3  4  5  6  7  8  9 10 11 12 13 14 15 16 17 18 |
---------------+-------------------------------------------------------+-----
Dodging        | 1 2 4 5 6 7 8 |  8.9
Evocations     | 1 2 3 5 6 8 9 10 | 10.2
Fighting       | 4 5 6 7 8 9 11 12 13 14 | 14.4
Throwing       | 1 2 3 4 |  4.1
Long Blades    | 3 5 7 8 10 11 12 13 14 15 | 15.0
Armour         | 3 4 5 6 |  6.7
Stealth        | 1 3 5 6 7 8 9 |  9.2
Invocations    | 3 4 5 7 8 |  8.9
Short Blades   | 1 3 |  3.2
Spellcasting   | 2 3 4 5 6 7 8 |  8.0
Translocations | 1 2 3 |  3.5
Poison Magic   | 5 6 8 |  8.3
Conjurations   | 3 4 5 |  5.0
Air Magic      | 2 3 4 |  4.6
Fire Magic     | 3 4 5 |  5.6
Necromancy     | 1 3 5 |  5.2
Charms         | |  0.5
Ice Magic      | |  0.2

Action                   |  1- 3 |  4- 6 |  7- 9 | 10-12 | 13-15 | 16-18 || total
-------------------------+-------+-------+-------+-------+-------+-------++-------
Melee: Falchion          |    83 |   150 |   218 |   592 |  1095 |   916 ||  3054
       Halberd           |       |       |     3 |       |       |       ||     3
       Dagger            |       |       |       |     2 |       |       ||     2
       Hand axe          |       |       |       |    15 |       |       ||    15
       Short sword       |       |       |       |     3 |     2 |       ||     5
       Scimitar          |       |       |       |       |    95 |   106 ||   201
       Rapier            |       |       |       |       |       |     5 ||     5
       Glaive            |       |       |       |       |       |     4 ||     4
Throw: Dart              |     8 |    39 |    57 |    59 |    35 |    32 ||   230
       Boomerang         |       |     1 |    17 |    32 |     6 |    43 ||    99
 Cast: Apportation       |       |       |       |       |     1 |     6 ||     7
       Conjure Flame     |       |       |       |       |     7 |     6 ||    13
       Poisonous Vapours |       |       |       |       |    35 |   108 ||   143
       Sticky Flame      |       |       |       |       |     3 |    26 ||    29
       Mephitic Cloud    |       |       |       |       |     1 |    21 ||    22
Invok: Depart the Abyss  |     1 |       |       |       |       |       ||     1
       Bend Space        |       |       |       |    10 |    29 |     3 ||    42
       Brand Weapon With |       |       |       |       |       |     1 ||     1
 Abil: Shaft Self        |     2 |       |     1 |     2 |     1 |       ||     6
       Evoke Invisibilit |       |       |       |       |     3 |     1 ||     4
       Stop Flying       |       |       |       |       |       |     2 ||     2
       Evoke Flight      |       |       |       |       |       |     1 ||     1
Evoke: Wand              |       |     1 |     6 |     4 |    10 |     1 ||    22
  Use: Scroll            |     1 |     5 |    10 |    15 |    13 |     9 ||    53
       Potion            |       |       |     6 |     4 |    15 |     8 ||    33
 Stab: Sleeping          |       |     1 |       |    12 |     7 |     3 ||    23
       Distracted        |       |       |     2 |     2 |     2 |     1 ||     7
       Invisible         |       |       |       |     5 |    18 |     3 ||    26
       Petrified         |       |       |       |       |     4 |       ||     4
       Confused          |       |       |       |       |     2 |    17 ||    19
  Eat: Ration            |     1 |       |     1 |       |     4 |     5 ||    11
       Chunk             |       |     5 |     9 |    23 |    25 |    24 ||    86
Armor: Leather armour    |    14 |    49 |    60 |    23 |       |       ||   146
       Skin              |       |       |    10 |     6 |       |    12 ||    28
       Troll leather arm |       |       |       |   133 |   274 |   326 ||   733
Dodge: Dodged            |    51 |    78 |   136 |   471 |   946 |   783 ||  2465
Block: Other             |       |       |       |       |       |     1 ||     1
       Rpst.: Falchion   |    17 |    19 |    35 |   114 |   202 |   174 ||   561
       Scimitar          |       |       |       |       |    12 |    10 ||    22

Table legend:
 A = Non-vault XP
 B = Vault XP
 C = Vault XP percentage of total XP
 D = Non-vault monster count
 E = Vault monster count
 F = Vault count percentage of total count
                 A         B        C        D         E       F
            +---------+---------+-------+---------+---------+-------
      Total |  121884 |   89293 |  42.3 |     609 |     297 |  32.8
            +---------+---------+-------+---------+---------+-------
        D:1 |      25 |       0 |   0.0 |      15 |       0 |   0.0
        D:2 |     131 |       0 |   0.0 |      20 |       0 |   0.0
        D:3 |      66 |       0 |   0.0 |       9 |       0 |   0.0
        D:4 |     464 |     368 |  44.2 |      22 |       6 |  21.4
        D:5 |     193 |      53 |  21.5 |       9 |       7 |  43.8
        D:6 |     808 |     268 |  24.9 |      15 |       1 |   6.2
        D:7 |    1014 |     877 |  46.4 |      28 |       4 |  12.5
        D:8 |    1407 |       8 |   0.6 |      28 |       4 |  12.5
        D:9 |    1726 |    4577 |  72.6 |      33 |      15 |  31.2
       D:10 |    7385 |    1989 |  21.2 |      38 |       4 |   9.5
       D:11 |    3433 |    2965 |  46.3 |      24 |       9 |  27.3
       D:12 |    6521 |    6176 |  48.6 |      32 |       8 |  20.0
       D:13 |    6809 |    1311 |  16.1 |      39 |       3 |   7.1
       D:14 |   14568 |    9196 |  38.7 |      47 |      27 |  36.5
       D:15 |   12009 |   17896 |  59.8 |      21 |      29 |  58.0
     Lair:1 |    1872 |    2682 |  58.9 |      12 |      15 |  55.6
     Lair:2 |    2762 |    1853 |  40.2 |      16 |       4 |  20.0
     Lair:3 |    5362 |    2922 |  35.3 |      17 |       7 |  29.2
     Lair:4 |    6432 |    3261 |  33.6 |      17 |       9 |  34.6
     Lair:5 |   11883 |    3215 |  21.3 |      40 |      14 |  25.9
     Lair:6 |    8780 |   12938 |  59.6 |      25 |      60 |  70.6
   Spider:1 |   18146 |       0 |   0.0 |      44 |       0 |   0.0
   Spider:2 |    3498 |    2986 |  46.1 |       9 |       1 |  10.0
      Orc:1 |    5314 |   10657 |  66.7 |      35 |      23 |  39.7
      Orc:2 |    1276 |    2344 |  64.8 |      14 |      10 |  41.7
      Sewer |       0 |     143 | 100.0 |       0 |      10 | 100.0
     Bailey |       0 |     608 | 100.0 |       0 |      27 | 100.0
            +---------+---------+-------+---------+---------+-------
